[Event "Early-Titled-Tuesday-Blitz-May-07-2024"]
[Site "Chess.com"]
[Date "2024.05.07"]
[Round "11"]
[White "maurovargas01"]
[Black "cycygogne"]
[Result "0-1"]
[WhiteElo "1971"]
[BlackElo "2160"]
[TimeControl "180+1"]
[EndTime "10:13:16 PDT"]
[Termination "cycygogne won by checkmate"]

1. e4 d5 2. e5 Bf5 3. f4 e6 4. d3 h5 5. Nf3 c5 6. g3 Nc6 7. Bg2 Nge7 8. h3 Qb6 9. Nc3 O-O-O 10. Nh4 Bh7 11. Na4 Qa5+ 12. c3 Nf5 13. Nxf5 Bxf5 14.
Bf3 b5 15. b4 Qxa4 16. Bxh5 Qxd1+ 17. Bxd1 Bxd3 18. h4 cxb4 19. cxb4 Bxb4+ 20. Bd2 Bxd2+ 21. Kxd2 Bc4 22. a4 a6 23. axb5 axb5 24. Bg4 Kb7 25. f5 exf5 26. Bxf5 Ra8 27. e6 fxe6 28. Bxe6 Rxa1 29.
Rxa1 Re8 30. Bg4 b4 31. Bd7 Re7 32. Bg4 Kb6 33. Kc2 Kc5 34. Ra8 Re3 35. Rg8 Rxg3 36. Bd7 b3+ 37. Kb2 Rg2+ 38. Ka3 Ra2# 0-1

[Event "Early-Titled-Tuesday-Blitz-May-07-2024"]
[Site "Chess.com"]
[Date "2024.05.07"]
[Round "11"]
[White "Kostya0705"]
[Black "NikitaShnadrygin"]
[Result "1-0"]
[WhiteElo "2598"]
[BlackElo "2690"]
[TimeControl "180+1"]
[EndTime "10:13:23 PDT"]
[Termination "Kostya0705 won by resignation"]

1. e4 c5 2. Nf3 e6 3. d4 cxd4 4.
Nxd4 Nf6 5. Nc3 Nc6 6. Ndb5 Bb4 7. a3 Bxc3+ 8. Nxc3 d5 9. Bd3 dxe4 10. Nxe4 Nxe4 11.
Bxe4 Qxd1+ 12. Kxd1 Bd7 13. Be3 e5 14. Kc1 f5 15. Bf3 O-O-O 16. b3 Kc7 17. Kb2 b6 18. Rad1 f4 19. Bd2 Bf5 20. Bc3 e4 21. Be2 Rhe8 22.
Bxg7 Re6 23. g3 f3 24. Bc4 Rg6 25. Bc3 Rxd1 26. Rxd1 e3 27. fxe3 Bh3 28. Bf1 Bg4 29. h3 Bf5 30. g4 Be4 31. Bd3 Bxd3 32. cxd3 h5 33. Rf1 hxg4 34. hxg4 Rxg4 35. Rxf3 Rg2+ 36. Kb1 Ne7 37. Rf7 Kd6 38. Bb4+ 1-0

[Event "Early-Titled-Tuesday-Blitz-May-07-2024"]
[Site "Chess.com"]
[Date "2024.05.07"]
[Round "11"]
[White "K_A_S_T_O_R"]
[Black "AcostaPablo"]
[Result "0-1"]
[WhiteElo "2837"]
[BlackElo "2654"]
[TimeControl "180+1"]
[EndTime "10:13:25 PDT"]
[Termination "AcostaPablo won by resignation"]

1. e4 c5 2. Nf3 e6 3. d4 cxd4 4.
Nxd4 a6 5. Bd3 Nf6 6. O-O d6 7. c4 Be7 8. Nc3 O-O 9. Qe2 Nc6 10. Nxc6 bxc6 11. f4 e5 12. h3 Nd7 13. f5 Bg5 14.
Kh2 Bxc1 15. Raxc1 Qg5 16. Rcd1 Nc5 17. Bc2 Rd8 18.
b4 Nb7 19. Rd3 a5 20. b5 cxb5 21. Nxb5 Qe7 22. Nc3 f6 23. Nd5 Qf7 24. Rg3 Nc5 25.
Rb1 Ba6 26. Bd1 Rab8 27. Rc1 Kh8 28. Qg4 Bb7 29. Nc3 Bc6 30. Rc2 Rb7 31. Qh4 Qxc4 32.
Bh5 Nxe4 33. Bg6 h6 34. Nxe4 Qxe4 35. Qxe4 Bxe4 36. Rc4 d5 37. Rc5 d4 38. Ra3 Rb2 39. Kg3 d3 40. Rac3 d2 41. Rc8 d1=Q 0-1

[Event "Early-Titled-Tuesday-Blitz-May-07-2024"]
[Site "Chess.com"]
[Date "2024.05.07"]
[Round "11"]
[White "vanyakuba"]
[Black "BM223344"]
[Result "1-0"]
[WhiteElo "2453"]
[BlackElo "2601"]
[TimeControl "180+1"]
[EndTime "10:13:26 PDT"]
[Termination "vanyakuba won by resignation"]

1. e4 e6 2. d4 d5 3. exd5 exd5 4. Nf3 Nf6 5. c4 dxc4 6. Bxc4 Be7 7. O-O O-O 8. Nc3 Nbd7 9. Bb3 Nb6 10. Ne5 c6 11. Re1 Nfd5 12. Qf3 Be6 13. Bd2 Bd6 14. Ne4 Be7 15.
Rad1 a5 16. a3 a4 17. Ba2 Nc7 18. Bb1 Bd5 19. Qh3 f5 20. Nc5 g6 21. Bh6 Re8 22. Nxb7 Qc8 23. Nc5 Bxc5 24. dxc5 Nd7 25. Bxf5 Nxe5 26. Bxc8 Nb5 27. Bf4 Raxc8 28. Bxe5 Be6 29. Qh6 Re7 30. Qh4 Rf7 31. Rd8+ Rxd8 32. Qxd8+ Rf8 33. Qe7 Bf7 34. Bd6 Re8 35. Qxe8+ Bxe8 36. Rxe8+ Kf7 37. Re7+ Kf6 38. Rxh7 Ke6 39. Rb7 Nd4 40. Kf1 Ne2 1-0

[Event "Early-Titled-Tuesday-Blitz-May-07-2024"]
[Site "Chess.com"]
[Date "2024.05.07"]
[Round "11"]
[White "Zq1"]
[Black "ChessQueen"]
[Result "0-1"]
[WhiteElo "2619"]
[BlackElo "2796"]
[TimeControl "180+1"]
[EndTime "10:13:27 PDT"]
[Termination "ChessQueen won by resignation"]

1. d4 Nf6 2. c4 e6 3. g3 d5 4. Bg2 dxc4 5. Nf3 Nc6 6. O-O Rb8 7. e3 Be7 8. a4 b6 9. Nfd2 Na5 10. Na3 Bxa3 11.
Rxa3 O-O 12. Qc2 Ba6 13. Rd1 Qe7 14. Bf1 c5 15. Nxc4 Bxc4 16. Bxc4 cxd4 17. Rxd4 Rbc8 18. Rc3 Nxc4 19. Rdxc4 Rxc4 20. Rxc4 Qb7 21. Rc6 g6 22. b4 Nd5 23. Ba3 b5 24. a5 Rd8 25. a6 Qd7 26. Bb2 e5 27. Qc5 f6 28. e4 Nf4 29. h4 Qh3 0-1

[Event "Early-Titled-Tuesday-Blitz-May-07-2024"]
[Site "Chess.com"]
[Date "2024.05.07"]
[Round "11"]
[White "DACF2905"]
[Black "Kunalm64"]
[Result "0-1"]
[WhiteElo "2442"]
[BlackElo "2618"]
[TimeControl "180+1"]
[EndTime "10:13:27 PDT"]
[Termination "Kunalm64 won by resignation"]

1. e4 c6 2. d4 d5 3. exd5 cxd5 4. Bd3 Nc6 5. c3 Nf6 6. Nf3 Bg4 7. h3 Bh5 8. O-O e6 9. Bf4 Bd6 10. Bxd6 Qxd6 11.
Nbd2 O-O 12. Re1 Rfe8 13. Qc2 Rac8 14. Qb3 Qc7 15. Rac1 Bg6 16. Bxg6 hxg6 17. Ne5 Nxe5 18. Rxe5 a6 19. a4 b5 20. axb5 axb5 21. Ra1 Rb8 22. Qb4 Nd7 23. Ree1 Ra8 24. Nf3 Nb6 25. Ne5 Nc4 26.
Rxa8 Rxa8 27. b3 Nxe5 28. dxe5 Rc8 29. Re3 Qc5 30. Qf4 Qa3 31. Rf3 Rf8 32. b4 Qa7 33.
Kh2 Qc7 34. h4 f6 35. exf6 Qxf4+ 36. Rxf4 gxf6 37. Kg3 Kf7 38. Rd4 Rc8 39. Rd3 Rc4 40.
f4 Ke7 41. Kf3 Kd6 42. g4 e5 43. fxe5+ fxe5 44. Kg3 e4 45. Re3 Ke5 46. h5 gxh5 47. gxh5 Rc8 48. Kh4 Kf4 49. Rg3 e3 50. Rg4+ Kf3 51.
Rg3+ Kf2 52. Rg5 Rf8 53. Rxd5 e2 54. Re5 e1=Q 55. Rxe1 Kxe1 56. Kg5 Kd2 57. h6 Kxc3 0-1

[Event "Early-Titled-Tuesday-Blitz-May-07-2024"]
[Site "Chess.com"]
[Date "2024.05.07"]
[Round "11"]
[White "krzyzan94"]
[Black "KononenkoD"]
[Result "1-0"]
[WhiteElo "2794"]
[BlackElo "2605"]
[TimeControl "180+1"]
[EndTime "10:13:31 PDT"]
[Termination "krzyzan94 won by resignation"]

1. e4 c6 2. d4 d5 3. exd5 cxd5 4. Bd3 Nf6 5. c3 Nc6 6. h3 g6 7. Nf3 Bf5 8. Be2 e6 9. O-O h5 10. a4 Bd6 11. Bg5 Be7 12. Nbd2 Ne4 13. Bxe7 Qxe7 14. Bb5 g5 15. Nxe4 Bxe4 16. Ne5 Rc8 17. a5 f6 18. f3 Bf5 19. Nxc6 bxc6 20. Bd3 Qh7 21. Bxf5 Qxf5 22. b4 Kf7 23. Ra2 Rce8 24. Qa4 Rc8 25. Re2 Rc7 26. Qd1 Re7 27. Qe1 Qf4 28. Qd2 Qd6 29. f4 gxf4 30. Rxf4 f5 31. Re5 Ke8 32. Rf2 Kd7 33. Rfe2 Rhh7 34. Qd3 Rh6 35. Qa6 Qc7 36. b5 cxb5 37. Qxb5+ Qc6 38. Qb8 Qc7 39. Rxd5+ Kc6 40. Rc5+ Kd6 41. Rxc7 Rxc7 42. Qf8+ 1-0

[Event "Early-Titled-Tuesday-Blitz-May-07-2024"]
[Site "Chess.com"]
[Date "2024.05.07"]
[Round "11"]
[White "Smiechu"]
[Black "bazar-wokzal"]
[Result "0-1"]
[WhiteElo "2412"]
[BlackElo "2591"]
[TimeControl "180+1"]
[EndTime "10:13:31 PDT"]
[Termination "bazar-wokzal won on time"]

1. e4 Nc6 2. Nf3 d5 3. exd5 Qxd5 4. d4 Bg4 5. Be2 O-O-O 6. c4 Qh5 7. d5 e6 8. Nc3 Nf6 9. Nd4 exd5 10. Nxc6 bxc6 11. cxd5 cxd5 12. Ba6+ Kd7 13. Qa4+ c6 14. O-O Bd6 15. g3 Bf3 16. Re1 Ng4 17. h4 Rhe8 18. Bg5 f6 19.
Bb7 d4 20. Bxc6+ Bxc6 21. Qxa7+ Kc8 22. Nd5 Rxe1+ 23. Rxe1 Rd7 24. Nb6+ Kd8 25. Nxd7 Qf7 26. Qb6+ Kxd7 27. Qa7+ Bc7 28. Bf4 Ne5 29. Rxe5 fxe5 30. Bxe5 Kc8 31. Qxd4 Qf3 32. Kf1 Bxe5 33. Qxe5 Qd1+ 34.
Qe1 Bb5+ 0-1

[Event "Early-Titled-Tuesday-Blitz-May-07-2024"]
[Site "Chess.com"]
[Date "2024.05.07"]
[Round "11"]
[White "HeroWilczek"]
[Black "emeli_chess"]
[Result "0-1"]
[WhiteElo "2556"]
[BlackElo "2447"]
[TimeControl "180+1"]
[EndTime "10:13:31 PDT"]
[Termination "emeli_chess won by resignation"]

1. d4 Nf6 2. Nf3 d5 3. c4 e6 4. g3 dxc4 5. Qa4+ Nbd7 6. Bg2 a6 7. Qxc4 b5 8. Qc2 Bb7 9. O-O c5 10. Rd1 Rc8 11. Nc3 cxd4 12. Nxd4 Bxg2 13. Kxg2 b4 14.
Qa4 bxc3 15. bxc3 Bc5 16. Qxa6 O-O 17. Bg5 Qb6 18. Qd3 Qb7+ 19. Kg1 Qe4 20. Qd2 Bxd4 21. cxd4 Rc2 22. Qd3 Qxe2 23. Qxe2 Rxe2 24. a4 Nd5 25. a5 Ra8 26. Rdc1 h6 27. Be3 Nxe3 28. fxe3 Rb2 29.
Rc7 Nf6 30. a6 Nd5 31. Rd7 Nxe3 32. a7 Nd5 33. Rf1 Nf6 34. Rc7 Ra2 0-1

[Event "Early-Titled-Tuesday-Blitz-May-07-2024"]
[Site "Chess.com"]
[Date "2024.05.07"]
[Round "11"]
[White "Chesmc"]
[Black "Larina_Maria"]
[Result "0-1"]
[WhiteElo "2169"]
[BlackElo "2362"]
[TimeControl "180+1"]
[EndTime "10:13:31 PDT"]
[Termination "Larina_Maria won by resignation"]

1. d4 f5 2. Nf3 Nf6 3. Bf4 d6 4. e3 g6 5. h3 Bg7 6. Nbd2 O-O 7. Bd3 Nc6 8. Bh2 e6 9. O-O Qe7 10. c3 e5 11. dxe5 dxe5 12. e4 f4 13. Bb5 Bd7 14.
Bxc6 Bxc6 15. Re1 Rad8 16. Qb3+ Kh8 17. Rad1 Rd3 18. Nc4 Rxd1 19. Qxd1 Nxe4 20. Na5 Rd8 21. Nxc6 bxc6 22. Qe2 Nc5 23. g3 fxg3 24. Bxg3 e4 25. Bh4 Bf6 26. Bxf6+ Qxf6 27. Nd4 Nd3 28. Rd1 Nf4 29. Qg4 h5 30. Qg3 Rxd4 31. Qxf4 Rxd1+ 0-1

[Event "Early-Titled-Tuesday-Blitz-May-07-2024"]
[Site "Chess.com"]
[Date "2024.05.07"]
[Round "11"]
[White "Sjakkerntobi"]
[Black "NigiriSushies"]
[Result "0-1"]
[WhiteElo "2538"]
[BlackElo "2435"]
[TimeControl "180+1"]
[EndTime "10:13:32 PDT"]
[Termination "NigiriSushies won by checkmate"]

1. e4 c5 2. Nf3 d6 3. Bb5+ Nd7 4.
Ba4 Nf6 5. O-O e6 6. Re1 Be7 7. c3 a6 8. d4 b5 9. Bc2 Bb7 10. a4 O-O 11. Bf4 Re8 12. Nbd2 b4 13. Nf1 Qa5 14. c4 cxd4 15. Nxd4 Nc5 16. e5 dxe5 17.
Bxe5 Red8 18. Qc1 b3 19. Bb1 Ng4 20. Nf3 Nd3 21. Bxd3 Rxd3 22. Bc3 Qb6 23. Ne5 Qxf2+ 24. Kh1 Qxg2# 0-1

[Event "Early-Titled-Tuesday-Blitz-May-07-2024"]
[Site "Chess.com"]
[Date "2024.05.07"]
[Round "11"]
[White "Chessdude1987"]
[Black "ural58"]
[Result "1-0"]
[WhiteElo "2389"]
[BlackElo "2498"]
[TimeControl "180+1"]
[EndTime "10:13:32 PDT"]
[Termination "Chessdude1987 won by resignation"]

1. e4 d5 2. exd5 Qxd5 3. Nc3 Qa5 4. Bc4 Nf6 5. d4 Nc6 6. Ne2 Bg4 7. f3 Be6 8. Bxe6 fxe6 9. O-O O-O-O 10. Qe1 Nd5 11. Nxd5 exd5 12. Qxa5 Nxa5 13. Nf4 Nc6 14. c3 e5 15.
dxe5 Nxe5 16. Ne6 Re8 17. Nxf8 Rhxf8 18. Bg5 h6 19. Bh4 Nc4 20. b3 Nd6 21. Rae1 Nb5 22. Be7 Rf7 23. Bb4 Rxe1 24. Rxe1 b6 25. a4 a5 26. Bxa5 Na3 27. Ra1 Nc2 28. Ra2 Ne3 29.
Bb4 c5 30. Ba3 Re7 31. Re2 Kd7 32. a5 bxa5 33. Bxc5 1-0

[Event "Early-Titled-Tuesday-Blitz-May-07-2024"]
[Site "Chess.com"]
[Date "2024.05.07"]
[Round "11"]
[White "JiiHart"]
[Black "sudtirolese06"]
[Result "1/2-1/2"]
[WhiteElo "2195"]
[BlackElo "2425"]
[TimeControl "180+1"]
[EndTime "10:13:34 PDT"]
[Termination "Game drawn by repetition"]

1. e4 e5 2. Nf3 Nf6 3. d4 Nxe4 4. Bd3 d5 5. Nxe5 Nd7 6. O-O Nxe5 7. dxe5 Bc5 8. Bxe4 dxe4 9. Qxd8+ Kxd8 10. Nc3 Bf5 11. Bg5+ Ke8 12. Rae1 h6 13. Bd2 Rd8 14. Re2 Bg4 15.
Rxe4 Rxd2 16. Rxg4 Rxc2 17. Rxg7 c6 18. Ne4 Bd4 19. Nd6+ Kd7 20. Nxf7 Rb8 21. Nxh6+ Ke6 22. Ng4 Rxb2 23. Kh1 c5 24. f4 c4 25. f5+ Kd5 26. Rd7+ Kc5 27. Rd1 c3 28. R7xd4 c2 29. Rd5+ Kb4 30. R1d4+ Kc3 31. Rd3+ Kb4 32. R3d4+ Kc3 33.
Rd3+ Kb4 34. R3d4+ 1/2-1/2

[Event "Early-Titled-Tuesday-Blitz-May-07-2024"]
[Site "Chess.com"]
[Date "2024.05.07"]
[Round "11"]
[White "scarabee43"]
[Black "TigrVShlyape"]
[Result "0-1"]
[WhiteElo "2816"]
[BlackElo "2949"]
[TimeControl "180+1"]
[EndTime "10:13:37 PDT"]
[Termination "TigrVShlyape won by resignation"]

1. d4 f5 2. c4 Nf6 3. Nc3 e6 4. Bg5 h6 5. Bxf6 Qxf6 6. Nf3 g5 7. e4 fxe4 8. Nxe4 Bb4+ 9. Nc3 Nc6 10. a3 Bxc3+ 11.
bxc3 Rf8 12. h3 b6 13. Bd3 Bb7 14. Be4 O-O-O 15. O-O h5 16. Nd2 g4 17. hxg4 hxg4 18. Qxg4 Rh8 19. Rfd1 Rdg8 20. Qf3 Qh6 21. Kf1 Rf8 22.
Qg3 Rhg8 23. Qh3 Qf4 24. Bf3 Kb8 25. Ra2 Na5 26. c5 Ba6+ 27. Kg1 Be2 28. cxb6 axb6 29.
Ne4 Bxf3 0-1

[Event "Early-Titled-Tuesday-Blitz-May-07-2024"]
[Site "Chess.com"]
[Date "2024.05.07"]
[Round "11"]
[White "GMT4114"]
[Black "NM_Antelacus"]
[Result "0-1"]
[WhiteElo "1986"]
[BlackElo "2244"]
[TimeControl "180+1"]
[EndTime "10:13:37 PDT"]
[Termination "NM_Antelacus won on time"]

1. e4 c5 2. Nc3 Nc6 3. Bb5 g6 4. Bxc6 dxc6 5. d3 Bg7 6. Be3 b6 7.
Qd2 Nf6 8. Bh6 O-O 9. Bxg7 Kxg7 10. f4 Ne8 11. Nf3 Nc7 12. O-O-O Ne6 13. f5 Nd4 14. g4 Nxf3 15. Qg2 Nd4 16. h4 Qd6 17. Rdf1 b5 18.
Nd1 c4 19. Rh3 Ba6 20. c3 cxd3 21. Rxd3 Nb3+ 22. Kc2 Na1+ 23. Kd2 Qe5 24. b4 Rad8 25. Nb2 c5 26. fxg6 hxg6 27. h5 cxb4 28. hxg6 bxc3+ 29. Ke2 fxg6 30. Rxd8 Rxd8 31. Rf5 Rd2+ 32. Ke1 Rxg2 33.
Rxe5 cxb2 0-1

[Event "Early-Titled-Tuesday-Blitz-May-07-2024"]
[Site "Chess.com"]
[Date "2024.05.07"]
[Round "11"]
[White "Golubovsky"]
[Black "tetrix83"]
[Result "1-0"]
[WhiteElo "2543"]
[BlackElo "2669"]
[TimeControl "180+1"]
[EndTime "10:13:40 PDT"]
[Termination "Golubovsky won on time"]

1. c4 g6 2. Nc3 Bg7 3. g3 c5 4. Bg2 Nc6 5. d3 e6 6. Nf3 Nge7 7. O-O d5 8. cxd5 exd5 9. Bf4 O-O 10. Rc1 b6 11. a3 d4 12. Ne4 Nd5 13. Bd2 a5 14. h4 h6 15. Be1 f5 16. Ned2 Be6 17. Qa4 Rc8 18. Qb5 f4 19. Nc4 Rf7 20. b4 Na7 21. Qa6 Rb8 22. Nce5 Rc7 23. bxc5 Bc8 24. Qc4 b5 25.
Qxd4 Be6 26. Bxa5 Nc6 27. Nxc6 Bxd4 28. Nxd8 1-0

[Event "Early-Titled-Tuesday-Blitz-May-07-2024"]
[Site "Chess.com"]
[Date "2024.05.07"]
[Round "11"]
[White "LeninGuerra"]
[Black "DeArron_Fox"]
[Result "0-1"]
[WhiteElo "2642"]
[BlackElo "2550"]
[TimeControl "180+1"]
[EndTime "10:13:40 PDT"]
[Termination "DeArron_Fox won by resignation"]

1. e4 c5 2. Nf3 e6 3. b4 cxb4 4. a3 d5 5. e5 Nc6 6. axb4 Bxb4 7. Na3 Nh6 8. c3 Be7 9. d4 Nf5 10. Bd3 a6 11. g4 Nh4 12. Nxh4 Bxh4 13. Nb5 O-O 14.
Nd6 f6 15. Qc2 fxe5 16. Bxh7+ Kh8 17. Qg6 Bxf2+ 18. Kd1 Qh4 19. Nf7+ Rxf7 20. Qxf7 Kxh7 21. Rf1 Qxg4+ 22. Kc2 Qe2+ 23. Bd2 Be3 24. Rad1 exd4 25. Rfe1 Qg4 26. Bxe3 dxe3 27. Rxe3 Qf5+ 28. Qxf5+ exf5 29. Rxd5 a5 30. Re8 a4 31. Kb2 a3+ 32. Ka2 b6 33. Rd3 Bb7 34. Rxa8 Bxa8 35. Kxa3 Ne5 36. Rh3+ Kg6 37. Kb4 f4 38. Kb5 Bg2 39. Rh8 f3 40.
Rf8 Nf7 41. Kxb6 f2 0-1

[Event "Early-Titled-Tuesday-Blitz-May-07-2024"]
[Site "Chess.com"]
[Date "2024.05.07"]
[Round "11"]
[White "Gareth-Bale11"]
[Black "GlavkonVVS"]
[Result "0-1"]
[WhiteElo "2891"]
[BlackElo "2701"]
[TimeControl "180+1"]
[EndTime "10:13:41 PDT"]
[Termination "GlavkonVVS won by resignation"]

1. e4 Nf6 2. Nc3 d5 3. exd5 Nxd5 4. Bc4 Nb6 5. Bb3 c5 6. d3 Nc6 7. Qf3 e6 8. Nge2 Be7 9. a4 a5 10. O-O O-O 11. Re1 Kh8 12. h3 e5 13. Nd5 Nxd5 14.
Bxd5 Nb4 15. Bb3 Be6 16. Bxe6 fxe6 17. Qxb7 Nxc2 18. Bd2 Nxa1 19. Rxa1 Qxd3 20. Be3 Bf6 21. Nc3 Rfb8 22. Qc6 c4 23. Rd1 Qc2 24. Qxc4 Rxb2 25.
Qe4 Qxe4 26. Nxe4 Rb4 27. Nc5 Rc4 28. Rd7 h6 29. Rb7 Bg5 30. Nxe6 Bxe3 31. fxe3 Rg8 32.
g4 Rxa4 33. Ra7 Ra3 34. Kf2 a4 35. Kf3 Ra1 36. h4 a3 37. Ke4 a2 38. g5 Kh7 39.
Ra6 Rb8 40. Kf5 Rf1+ 41. Kxe5 a1=Q+ 42. Rxa1 Rxa1 0-1

[Event "Early-Titled-Tuesday-Blitz-May-07-2024"]
[Site "Chess.com"]
[Date "2024.05.07"]
[Round "11"]
[White "Zarinur"]
[Black "nochewycandy"]
[Result "0-1"]
[WhiteElo "2562"]
[BlackElo "2809"]
[TimeControl "180+1"]
[EndTime "10:13:41 PDT"]
[Termination "nochewycandy won by checkmate"]

1. e4 d5 2. exd5 Qxd5 3. Nc3 Qa5 4. Bc4 Nf6 5. d3 Bg4 6. f3 Bd7 7. Bd2 c6 8. Qe2 Qc7 9. O-O-O b5 10. Bb3 a5 11. a4 Na6 12. Be3 e6 13. Bd4 Nc5 14. Bxc5 Bxc5 15. Nh3 Bd4 16. Ne4 O-O 17. g4 bxa4 18. Bxa4 Rab8 19. c3 Nxe4 20. Qxe4 Bf6 21. f4 Qb6 22. b3 Bxc3 23. Ng5 g6 24. Kb1 c5 25. Ka2 Bd4 26. Rb1 Bxa4 27. bxa4 Qb2+ 28. Rxb2 Rxb2+ 29. Ka1 Rfb8 30. Qc6 Rxh2# 0-1

[Event "Early-Titled-Tuesday-Blitz-May-07-2024"]
[Site "Chess.com"]
[Date "2024.05.07"]
[Round "11"]
[White "sokidze"]
[Black "TitarovVasiliYouTube"]
[Result "1-0"]
[WhiteElo "2800"]
[BlackElo "2622"]
[TimeControl "180+1"]
[EndTime "10:13:41 PDT"]
[Termination "sokidze won by resignation"]

1. e4 Nf6 2. e5 Nd5 3. d4 d6 4.
c4 Nb6 5. exd6 exd6 6. Nc3 Be7 7. Nf3 O-O 8. h3 Bf6 9. Bd3 Re8+ 10. Be3 Nc6 11. O-O Nb4 12. b3 Nxd3 13. Qxd3 g6 14. Rfe1 Bf5 15. Qd2 d5 16. c5 Nc8 17.
Bg5 Bxg5 18. Qxg5 c6 19. Rxe8+ Qxe8 20. Re1 Qf8 21. Qf6 Be6 22. Ng5 Qe7 23. Qf4 Kg7 24.
Re5 h6 25. Nxe6+ fxe6 26. Qe3 Qf7 27. Rxe6 Qf5 28. g4 Qf7 29. Qe5+ Kh7 30. Ne2 Qf3 31. Re8 g5 32. Qh8+ Kg6 33. Qg8+ 1-0

[Event "Early-Titled-Tuesday-Blitz-May-07-2024"]
[Site "Chess.com"]
[Date "2024.05.07"]
[Round "11"]
[White "DrVelja"]
[Black "GMBenjaminBok"]
[Result "1-0"]
[WhiteElo "2986"]
[BlackElo "3044"]
[TimeControl "180+1"]
[EndTime "10:13:44 PDT"]
[Termination "DrVelja won by resignation"]

1. e4 c5 2. Nf3 d6 3. d4 cxd4 4.
Nxd4 Nf6 5. Nc3 a6 6. Be3 e5 7. Nb3 Be6 8. f3 Be7 9. Qd2 O-O 10. O-O-O Nbd7 11. g4 b5 12. g5 Nh5 13. Kb1 Nb6 14.
Na5 Rc8 15. Nd5 Nxd5 16. exd5 Bxd5 17. Qxd5 Qxa5 18. Bd3 g6 19. Be4 Kh8 20. Qb7 Rc7 21. Bb6 Rxb7 22. Bxa5 Rbb8 23. Bc7 Rbc8 24. Bxd6 Bxd6 25.
Rxd6 f6 26. gxf6 Rxf6 27. Rxf6 Nxf6 28. Bb7 Rb8 29. Bxa6 Rb6 30. Bc8 Rc6 31. Bb7 Rb6 32. Be4 Nxe4 33. fxe4 Rf6 34. c4 bxc4 35. Rc1 Rf2 36.
Rxc4 Rxh2 37. a4 Rf2 38. a5 Rf6 39. b4 h5 40. b5 h4 41. b6 Rf3 42. Kb2 Rf7 43.
a6 h3 44. b7 Rf8 45. Rc8 Kg7 46. Rxf8 1-0

[Event "Early-Titled-Tuesday-Blitz-May-07-2024"]
[Site "Chess.com"]
[Date "2024.05.07"]
[Round "11"]
[White "mishanick"]
[Black "Aygehovit1992"]
[Result "1-0"]
[WhiteElo "3042"]
[BlackElo "2869"]
[TimeControl "180+1"]
[EndTime "10:13:45 PDT"]
[Termination "mishanick won by resignation"]

1. d4 Nf6 2. c4 g6 3. Nc3 Bg7 4. e4 d6 5. Be2 O-O 6. Be3 Na6 7. Nf3 e5 8. d5 Nh5 9. Qc2 Qe7 10. O-O-O f5 11. Kb1 Nf4 12. Bf1 Nb4 13. Qb3 a5 14. a3 Na6 15. Nd2 Nc5 16. Qc2 a4 17. Bxc5 dxc5 18.
Nxa4 Rf6 19. f3 Rfa6 20. Nc3 Bd7 21. g3 Nh5 22. Bd3 f4 23. g4 Nf6 24. h4 Ne8 25. Nb3 b6 26. g5 Nd6 27. Bf1 Bf8 28. Qe2 Qe8 29. Bh3 Ba4 30. Nxa4 Rxa4 31. Rc1 b5 32. Nxc5 Rxc4 33. Bd7 Qb8 34. Be6+ Kg7 35. h5 Rxc1+ 36. Rxc1 Nc4 37. hxg6 Bxc5 38. Qh2 h5 39. gxh6+ Kf8 40. g7+ Ke7 41. g8=Q Qxg8 42. Bxg8 Rxg8 43. h7 1-0

[Event "Early-Titled-Tuesday-Blitz-May-07-2024"]
[Site "Chess.com"]
[Date "2024.05.07"]
[Round "11"]
[White "DvaHrasta"]
[Black "Kostina_Nadezhda"]
[Result "1-0"]
[WhiteElo "2463"]
[BlackElo "2308"]
[TimeControl "180+1"]
[EndTime "10:13:45 PDT"]
[Termination "DvaHrasta won by resignation"]

1. c4 e5 2. g3 Nc6 3. Bg2 Nf6 4. Nf3 d5 5. cxd5 Nxd5 6. O-O Bd6 7. d4 exd4 8. Nxd4 Nxd4 9. Qxd4 Nf6 10. Bg5 Be7 11. Qa4+ c6 12. Rd1 Qb6 13. Be3 Qc7 14. Bf4 Qb6 15. Nd2 O-O 16. Nc4 Qb5 17. Qxb5 cxb5 18. Nd6 Bxd6 19. Bxd6 Re8 20. e3 Ne4 21. Rd4 Bf5 22. Bb4 a5 23. Be1 b6 24. g4 Bg6 25.
f4 f5 26. h3 Rad8 27. Rad1 Rxd4 28. Rxd4 Nc5 29. Rd6 Rxe3 30. Bf2 Rd3 31. Bxc5 bxc5 32. Rxd3 1-0

[Event "Early-Titled-Tuesday-Blitz-May-07-2024"]
[Site "Chess.com"]
[Date "2024.05.07"]
[Round "11"]
[White "JaackCamel"]
[Black "Lily_Schirmbeck"]
[Result "1-0"]
[WhiteElo "2206"]
[BlackElo "1702"]
[TimeControl "180+1"]
[EndTime "10:13:47 PDT"]
[Termination "JaackCamel won on time"]

1. d4 d5 2. c4 e6 3. Nc3 Nf6 4. cxd5 exd5 5. Bg5 c6 6. e3 h6 7. Bh4 Bd6 8. Bd3 O-O 9. Qc2 Nbd7 10. Nge2 Qc7 11.
h3 b6 12. Rc1 Bb7 13. Nb5 Qb8 14. Nxd6 Qxd6 15. Bg3 Qb4+ 16. Qd2 Qxd2+ 17. Kxd2 c5 18.
dxc5 bxc5 19. Bd6 Rfe8 20. Bxc5 Ne4+ 21. Bxe4 dxe4 22. Nd4 Nxc5 23. Rxc5 Rab8 24. Rhc1 Ba8 25. b3 Red8 26. Rc7 Bb7 27. Re7 Bd5 28. Rcc7 a6 29.
Kc3 Rd6 30. Ra7 Rc8+ 31. Rec7 Rxc7+ 32. Rxc7 f6 33. a4 Kf8 34. b4 1-0

[Event "Early-Titled-Tuesday-Blitz-May-07-2024"]
[Site "Chess.com"]
[Date "2024.05.07"]
[Round "11"]
[White "Abund"]
[Black "Antosha_Chekhonte"]
[Result "1-0"]
[WhiteElo "2747"]
[BlackElo "2574"]
[TimeControl "180+1"]
[EndTime "10:13:51 PDT"]
[Termination "Abund won on time"]

1. e4 c6 2. Nf3 d5 3. d3 dxe4 4.
dxe4 Qxd1+ 5. Kxd1 Nf6 6. Nfd2 g5 7. Bc4 h5 8. a4 h4 9. f3 g4 10. e5 Nd5 11. Bxd5 cxd5 12. Nc3 Be6 13. Nb5 Kd7 14. Nd4 Nc6 15. Nxe6 Kxe6 16. fxg4 Nxe5 17. h3 Bh6 18. Re1 f6 19. Nf3 Bxc1 20. Kxc1 Rac8 21. Ra3 Rc4 22. Rae3 Rxa4 23. Kb1 Re4 24. Rxe4 dxe4 25. Rxe4 Rd8 26. Nxh4 Rd1+ 27. Ka2 Rd2 28. Kb3 Kd5 29. Re3 e6 30. Rg3 b5 31. g5 fxg5 32. Rxg5 Ke4 33. Rxe5+ 1-0

[Event "Early-Titled-Tuesday-Blitz-May-07-2024"]
[Site "Chess.com"]
[Date "2024.05.07"]
[Round "11"]
[White "Slovineanu"]
[Black "Matsanovic"]
[Result "1-0"]
[WhiteElo "2491"]
[BlackElo "2582"]
[TimeControl "180+1"]
[EndTime "10:13:51 PDT"]
[Termination "Slovineanu won by resignation"]

1. e4 c5 2. Nf3 e6 3. d4 cxd4 4. Nxd4 a6 5. Nc3 b5 6. Be3 Bb7 7. f3 Nf6 8. Qd2 Qc7 9. O-O-O d5 10. e5 Nfd7 11. f4 Bb4 12. a3 Bxc3 13. Qxc3 Qxc3 14.
bxc3 Nc6 15. Nxc6 Bxc6 16. Bd4 h5 17. Bd3 g6 18. g3 O-O-O 19. h3 Kb7 20. g4 hxg4 21.
hxg4 Nb6 22. f5 gxf5 23. gxf5 Nc4 24. Rdg1 Rxh1 25. Rxh1 Nxa3 26. Rh7 Rd7 27. f6 Rc7 28. Bc5 Nc4 29. Be7 Nxe5 30. Bd6 Nxd3+ 31. cxd3 Be8 32.
Bxc7 Kxc7 33. d4 a5 34. Kb2 Kd6 35. Rh8 Kd7 36. Kb3 Kd8 37. Rg8 Kd7 38. Rh8 Kd8 39. Rg8 Kd7 40. Rg1 e5 41. dxe5 Ke6 42. Ra1 Kxe5 43.
Re1+ 1-0

[Event "Early-Titled-Tuesday-Blitz-May-07-2024"]
[Site "Chess.com"]
[Date "2024.05.07"]
[Round "11"]
[White "PonyQueen07"]
[Black "RusPakhom"]
[Result "0-1"]
[WhiteElo "2144"]
[BlackElo "2330"]
[TimeControl "180+1"]
[EndTime "10:13:51 PDT"]
[Termination "RusPakhom won on time"]

1. c4 Nf6 2. Nc3 g6 3. g3 Bg7 4.
Bg2 O-O 5. e4 c5 6. Nge2 Nc6 7.
O-O Rb8 8. d3 d6 9. h3 a6 10. a4 Ne8 11. f4 Nc7 12. f5 b5 13.
axb5 axb5 14. cxb5 Nxb5 15. Nd5 Nbd4 16. Nxd4 Nxd4 17.
Ra7 Rb7 18. Rxb7 Bxb7 19. Nc3 Qa8 20. fxg6 hxg6 21. Be3 Be5 22. Kh2 f5 23. Nd5 Bxd5 24. exd5 Qb8 25. Bxd4 Bxd4 26. Qd2 Qxb2 27. Qh6 Rf6 28.
h4 Be5 29. h5 gxh5 30. Qxh5 Qd2 31. Rxf5 Rh6 32. Rg5+ Qxg5 0-1